ESL (28 & UNDER)
INTERCOURSE AMISH @ WILMINGTON REBELS
05/10/2028
 
TOP OF THE 1ST
Intercourse Amish batting - Pitching for Wilmington Rebels : LHP Guy Sewell
Pitching: LHP Guy Sewell
Batting: LHB Jesús Raugel 0-0: Ball
1-0: Ball
2-0: Ball
3-0: Called Strike
3-1: Called Strike
3-2: SINGLE (Groundball, 34D)
Batting: RHB Frank Maxwell 0-0: Ball
1-0: Called Strike
1-1: Ball
2-1: Fly out, F9 (Line Drive, 9)
Batting: RHB Manny Ramírez 0-0: Ball
1-0: Ball
2-0: Called Strike
2-1: Swinging Strike
2-2: Ball
3-2: Strikes out swinging
Throwing error on steal attempt, E2
Jesús Raugel to third
Batting: RHB Juan Estrada 0-0: Foul Ball, location: 2F
0-1: Called Strike
0-2: Ball
1-2: Strikes out swinging
Top of the 1st over - 0 run(s), 1 hit(s), 1 error(s), 1 left on base; Intercourse 0 - Wilmington 0
BOTTOM OF THE 1ST
Wilmington Rebels batting - Pitching for Intercourse Amish : RHP Rafael Sánchez
Pitching: RHP Rafael Sánchez
Batting: LHB Larry Smith 0-0: Called Strike
0-1: Foul Ball, location: 2F
0-2: Ball
1-2: Ball
2-2: Ball
3-2: SINGLE (Line Drive, 89S)
Batting: LHB Jim Clemente 0-0: Ball
1-0: Swinging Strike
1-1: Foul Ball, location: 2F
1-2: Ball
2-2: Foul Ball, location: 2F
2-2: Foul Ball, location: 2F
2-2: Ball
3-2: Foul Ball, location: 2F
3-2: Strikes out looking
Batting: RHB Remi Eruzione 0-0: Foul Ball, location: 2F
0-1: Ball
Wild Pitch!
Larry Smith to second
1-1: Ball
2-1: Called Strike
2-2: Ball
3-2: Foul Ball, location: 2F
3-2: Ground out 6-3 (Groundball, 6)
Larry Smith to third
Batting: RHB Al Reese 0-0: Foul Ball, location: 2F
0-1: Foul Ball, location: 2F
0-2: Ball
1-2: Ground out 4-3 (Groundball, 4)
Bottom of the 1st over - 0 run(s), 1 hit(s), 0 error(s), 1 left on base; Intercourse 0 - Wilmington 0
TOP OF THE 2ND
Intercourse Amish batting - Pitching for Wilmington Rebels : LHP Guy Sewell
Batting: RHB Bob Carr 0-0: Called Strike
0-1: Foul Ball, location: 2F
0-2: Ground out 6-3 (Groundball, 6)
Batting: RHB Pablo Díaz 0-0: Ball
1-0: Foul Ball, location: 2F
1-1: Ball
2-1: Fly out, F7 (Line Drive, 7D)
Batting: SHB Conan Hanson 0-0: Foul Ball, location: 2F
0-1: Called Strike
0-2: Strikes out looking
Top of the 2nd over - 0 run(s), 0 hit(s), 0 error(s), 0 left on base; Intercourse 0 - Wilmington 0
BOTTOM OF THE 2ND
Wilmington Rebels batting - Pitching for Intercourse Amish : RHP Rafael Sánchez
Batting: RHB Juan Jose Mendoza 0-0: Ground out 4-3 (Groundball, 4)
Batting: LHB Manny Hernández 0-0: Foul Ball, location: 2F
0-1: Foul Ball, location: 2F
0-2: SINGLE (Line Drive, 34)
Batting: RHB Sergio Moreno 0-0: Foul Ball, location: 2F
0-1: Ball
1-1: Ball
2-1: Ball
3-1: Base on Balls
Manny Hernández to second
Batting: RHB Anastasio Movonda 0-0: Called Strike
0-1: Called Strike
0-2: Ball
1-2: Fly out, F4 (Line Drive, 4)
Batting: LHB Ivan Costello 0-0: Ball
1-0: Swinging Strike
1-1: Called Strike
1-2: SINGLE (Line Drive, 6MD)
Manny Hernández to third
Sergio Moreno to second
Runner from 3rd tries for Home, SAFE, no throw
Batting: LHB Larry Smith 0-0: Ball
1-0: Fly out, F6 (Popup, 56D)
Bottom of the 2nd over - 1 run(s), 2 hit(s), 0 error(s), 2 left on base; Intercourse 0 - Wilmington 1
TOP OF THE 3RD
Intercourse Amish batting - Pitching for Wilmington Rebels : LHP Guy Sewell
Batting: RHB Gabriel Stout 0-0: Foul Ball, location: 2F
0-1: Ball
1-1: Called Strike
1-2: Strikes out swinging
Batting: RHB Taylor Justice 0-0: Called Strike
0-1: Fly out, F7 (Flyball, 7)
Batting: LHB Jesús Raugel 0-0: Called Strike
0-1: Fly out, F9 (Flyball, 89M)
Top of the 3rd over - 0 run(s), 0 hit(s), 0 error(s), 0 left on base; Intercourse 0 - Wilmington 1
BOTTOM OF THE 3RD
Wilmington Rebels batting - Pitching for Intercourse Amish : RHP Rafael Sánchez
Batting: LHB Jim Clemente 0-0: Fly out, F9 (Line Drive, 9)
Batting: RHB Remi Eruzione 0-0: Ball
1-0: Called Strike
1-1: Called Strike
1-2: Strikes out swinging
Batting: RHB Al Reese 0-0: Called Strike
0-1: Foul Ball, location: 2F
0-2: Fly out, F3 (Popup, 3D)
Bottom of the 3rd over - 0 run(s), 0 hit(s), 0 error(s), 0 left on base; Intercourse 0 - Wilmington 1
TOP OF THE 4TH
Intercourse Amish batting - Pitching for Wilmington Rebels : LHP Guy Sewell
Batting: RHB Frank Maxwell 0-0: Called Strike
0-1: Ball
1-1: Ball
2-1: Ball
3-1: Base on Balls
Batting: RHB Manny Ramírez 0-0: Called Strike
0-1: Fly out, F6 (Line Drive, 6)
Batting: RHB Juan Estrada 0-0: Ground out 5-3 (Groundball, 56S)
Frank Maxwell to second
Batting: RHB Bob Carr 0-0: DOUBLE (Groundball, 5L)
Frank Maxwell scores
Batting: RHB Pablo Díaz 0-0: Ball
1-0: Reached on error, E1 (Groundball, P)
Bob Carr to third
Batting: SHB Conan Hanson 0-0: Ball
1-0: Ball
2-0: Called Strike
2-1: Ball
3-1: Base on Balls
Pablo Díaz to second
Batting: RHB Gabriel Stout 0-0: Swinging Strike
0-1: DOUBLE (Line Drive, 7LM)
Bob Carr scores
Pablo Díaz scores
Conan Hanson to third
Batting: RHB Taylor Justice 0-0: Called Strike
0-1: Swinging Strike
0-2: Foul Ball, location: 2F
0-2: SINGLE (Line Drive, 7S)
Conan Hanson scores
Gabriel Stout to third
Runner from 3rd tries for Home, SAFE, no throw
Batting: LHB Jesús Raugel 0-0: Fly out, F9 (Flyball, 89D)
Top of the 4th over - 5 run(s), 3 hit(s), 1 error(s), 1 left on base; Intercourse 5 - Wilmington 1
BOTTOM OF THE 4TH
Wilmington Rebels batting - Pitching for Intercourse Amish : RHP Rafael Sánchez
Batting: RHB Juan Jose Mendoza 0-0: Ball
1-0: Called Strike
1-1: Fly out, F6 (Popup, 6MD)
Batting: LHB Manny Hernández 0-0: Foul Ball, location: 2F
0-1: Ball
1-1: SINGLE (Line Drive, 3D)
Batting: RHB Sergio Moreno 0-0: Called Strike
0-1: Ball
1-1: Foul Ball, location: 2F
1-2: Fly out, F4 (Line Drive, 34)
Batting: RHB Anastasio Movonda 0-0: Ball
1-0: SINGLE (Groundball, 6MD)
Manny Hernández to second
Batting: LHB Ivan Costello 0-0: Called Strike
0-1: Ball
Wild Pitch!
Manny Hernández to third
Anastasio Movonda to second
1-1: Ball
2-1: Called Strike
2-2: Ball
3-2: Strikes out swinging
Bottom of the 4th over - 0 run(s), 2 hit(s), 0 error(s), 2 left on base; Intercourse 5 - Wilmington 1
TOP OF THE 5TH
Intercourse Amish batting - Pitching for Wilmington Rebels : LHP Guy Sewell
Pitching: RHP Kip Brown
Batting: RHB Frank Maxwell 0-0: Ball
1-0: Ball
2-0: SINGLE (Groundball, 56D)
Batting: RHB Manny Ramírez 0-0: Ball
1-0: Fly out, F6 (Popup, 6MD)
Batting: RHB Juan Estrada 0-0: Foul Ball, location: 2F
0-1: Ball
1-1: Ball
2-1: Called Strike
2-2: Fly out, F8 (Flyball, 78M)
Batting: RHB Bob Carr 0-0: Called Strike
0-1: Ball
1-1: Called Strike
1-2: Foul Ball, location: 2F
1-2: Fielders Choice at 2nd, 6-4 (Groundball, 6)
Top of the 5th over - 0 run(s), 1 hit(s), 0 error(s), 0 left on base; Intercourse 5 - Wilmington 1
BOTTOM OF THE 5TH
Wilmington Rebels batting - Pitching for Intercourse Amish : RHP Rafael Sánchez
Batting: LHB Larry Smith 0-0: Ball
1-0: Called Strike
1-1: Ball
2-1: Foul Ball, location: 2F
2-2: Foul Ball, location: 2F
2-2: Hit by Pitch
Batting: LHB Jim Clemente 0-0: Called Strike
0-1: Called Strike
0-2: Strikes out swinging
Batting: RHB Remi Eruzione 0-0: Ball
1-0: Called Strike
1-1: Ball
2-1: Fly out, F8 (Flyball, 8LM)
Batting: RHB Al Reese 0-0: Called Strike
0-1: Ball
1-1: Foul Ball, location: 2F
1-2: SINGLE (Groundball, 6MD)
Larry Smith to second
Runner from 2nd tries for 3rd, SAFE, no throw
Batting: RHB Juan Jose Mendoza 0-0: Ball
1-0: Fielders Choice at 2nd, 4-6 (Groundball, 4)
Bottom of the 5th over - 0 run(s), 1 hit(s), 0 error(s), 1 left on base; Intercourse 5 - Wilmington 1
TOP OF THE 6TH
Intercourse Amish batting - Pitching for Wilmington Rebels : RHP Kip Brown
Batting: RHB Pablo Díaz 0-0: Ball
1-0: Ball
2-0: Called Strike
2-1: Ball
3-1: SINGLE (Line Drive, 89S)
Batting: SHB Conan Hanson 0-0: Ball
1-0: Ball
2-0: Ball
3-0: Base on Balls
Pablo Díaz to second
Batting: RHB Gabriel Stout 0-0: Swinging Strike
0-1: Foul Ball, location: 2F
0-2: Fly out, F8 (Line Drive, 8RD)
Runner from 2nd tags up, SAFE at 3rd, no throw
Batting: RHB Taylor Justice 0-0: Ball
1-0: Fielders Choice at 2nd, 1-6 (Groundball, 13S)
Batting: LHB Jesús Raugel 0-0: Ball
1-0: Ball
2-0: Called Strike
2-1: Fielders Choice at 2nd, 4-6 (Groundball, 4)
Top of the 6th over - 0 run(s), 1 hit(s), 0 error(s), 1 left on base; Intercourse 5 - Wilmington 1
BOTTOM OF THE 6TH
Wilmington Rebels batting - Pitching for Intercourse Amish : RHP Rafael Sánchez
Pitching: RHP Ambrose Palmer
Batting: LHB Manny Hernández 0-0: Ground out 4-3 (Groundball, 34)
Batting: RHB Sergio Moreno 0-0: Ball
1-0: Foul Ball, location: 2F
1-1: Ball
2-1: SINGLE (Flyball, 7S)
Batting: RHB Anastasio Movonda 0-0: Called Strike
0-1: Called Strike
0-2: Ball
1-2: Ball
2-2: Ball
3-2: Ground out 5-3 (Groundball, 56S)
Sergio Moreno to second
Batting: LHB Ivan Costello 0-0: Ball
1-0: Ball
2-0: Ball
3-0: Base on Balls
Batting: LHB Larry Smith 0-0: Foul Ball, location: 2F
0-1: Foul Ball, location: 2F
0-2: SINGLE (Flyball, 78S)
Sergio Moreno to third
Ivan Costello to second
Batting: LHB Jim Clemente 0-0: Ball
1-0: DOUBLE (Groundball, 5L)
Sergio Moreno scores
Ivan Costello scores
Larry Smith to third
Runner from 3rd tries for Home, SAFE, no throw
Pitching: RHP Paul Turberville
Batting: RHB Remi Eruzione 0-0: Foul Ball, location: 2F
0-1: Swinging Strike
0-2: Ground out 4-3 (Groundball, 4M)
Bottom of the 6th over - 3 run(s), 3 hit(s), 0 error(s), 1 left on base; Intercourse 5 - Wilmington 4
TOP OF THE 7TH
Intercourse Amish batting - Pitching for Wilmington Rebels : RHP Kip Brown
Batting: RHB Frank Maxwell 0-0: Called Strike
0-1: Ball
1-1: Ball
2-1: Ball
3-1: Base on Balls
Pinch Hitting: LHB Bruce Foster 0-0: Ball
1-0: DOUBLE (Line Drive, 8LXD)
Frank Maxwell to third
Batting: RHB Juan Estrada 0-0: Called Strike
0-1: Ball
1-1: Ball
2-1: Called Strike
2-2: Fly out, F8 (Flyball, 89S)
Runner from 3rd tags up, SCORES, no throw
Batting: RHB Bob Carr 0-0: Foul Ball, location: 2F
0-1: Foul Ball, location: 2F
0-2: Ball
1-2: Ball
2-2: SINGLE (Line Drive, 78S)
Bruce Foster to third
Pinch Hitting: RHB José Velázquez 0-0: Ground out 5-3 (Groundball, 5L)
Bob Carr to second
Batting: SHB Conan Hanson 0-0: Foul Ball, location: 2F
0-1: Ball
1-1: SINGLE (Flyball, 9LM)
Bruce Foster scores
Bob Carr to third
Runner from 3rd tries for Home, SAFE, no throw
Pitching: LHP Miguel Valentín
Batting: RHB Gabriel Stout 0-0: Called Strike
0-1: Ball
1-1: Fly out, F8 (Flyball, 8RS)
Top of the 7th over - 3 run(s), 3 hit(s), 0 error(s), 1 left on base; Intercourse 8 - Wilmington 4
BOTTOM OF THE 7TH
Wilmington Rebels batting - Pitching for Intercourse Amish : RHP Paul Turberville
Now in CF: Leon Heath
Now in RF: Bruce Foster
Batting: RHB Al Reese 0-0: Ball
1-0: Foul Ball, location: 2F
1-1: Swinging Strike
1-2: Ball
2-2: Ball
3-2: Foul Ball, location: 2F
3-2: Foul Ball, location: 2F
3-2: Foul Ball, location: 2F
3-2: Strikes out swinging
Batting: RHB Juan Jose Mendoza 0-0: Swinging Strike
0-1: Called Strike
0-2: Ball
1-2: Strikes out swinging
Batting: LHB Manny Hernández 0-0: Ball
1-0: Called Strike
1-1: Swinging Strike
1-2: Ball
2-2: Strikes out looking
Bottom of the 7th over - 0 run(s), 0 hit(s), 0 error(s), 0 left on base; Intercourse 8 - Wilmington 4
TOP OF THE 8TH
Intercourse Amish batting - Pitching for Wilmington Rebels : LHP Miguel Valentín
Batting: RHB Taylor Justice 0-0: Swinging Strike
0-1: Ball
1-1: SINGLE (Flyball, 7S)
Batting: LHB Jesús Raugel 0-0: Bunted foul
0-1: Sac Bunt - play at first, batter OUT! 1-4
Taylor Justice to second
Batting: RHB Frank Maxwell 0-0: Intentional Walk
Batting: LHB Bruce Foster 0-0: Ball
1-0: Called Strike
1-1: Ball
2-1: Swinging Strike
2-2: Foul Ball, location: 2F
2-2: Ball
3-2: Fly out, F8 (Flyball, 89M)
Batting: RHB Juan Estrada 0-0: Ball
1-0: Swinging Strike
1-1: Fly out, F7 (Flyball, 7S)
Top of the 8th over - 0 run(s), 1 hit(s), 0 error(s), 2 left on base; Intercourse 8 - Wilmington 4
BOTTOM OF THE 8TH
Wilmington Rebels batting - Pitching for Intercourse Amish : RHP Paul Turberville
Batting: RHB Sergio Moreno 0-0: Called Strike
0-1: Ball
1-1: SINGLE (Flyball, 8RS)
Batting: RHB Anastasio Movonda 0-0: Ball
1-0: Ball
2-0: SINGLE (Line Drive, 89M)
Sergio Moreno to second
Pitching: LHP Pancho Guerrero
Batting: LHB Ivan Costello 0-0: Called Strike
0-1: Swinging Strike
0-2: Fly out, F6 (Line Drive, 6)
Lined into DP, 6-4 (Line Drive, 6)
Batting: LHB Larry Smith 0-0: Ball
1-0: Fly out, F9 (Flyball, 9S)
Bottom of the 8th over - 0 run(s), 2 hit(s), 0 error(s), 1 left on base; Intercourse 8 - Wilmington 4
TOP OF THE 9TH
Intercourse Amish batting - Pitching for Wilmington Rebels : LHP Miguel Valentín
Batting: RHB Bob Carr 0-0: Ball
1-0: Ball
2-0: SINGLE (Groundball, 56D)
Batting: RHB Leon Heath 0-0: Sac Bunt - play at first, batter OUT! 1-3
Bob Carr to second
Batting: SHB Conan Hanson 0-0: Ball
Wild Pitch!
Bob Carr to third
1-0: Ball
2-0: Ball
3-0: Base on Balls
Batting: RHB Gabriel Stout 0-0: Called Strike
0-1: Foul Ball, location: 2F
0-2: Foul Ball, location: 2F
0-2: Fly out, F8 (Flyball, 8RM)
Runner from 3rd tags up, SCORES, no throw
Batting: RHB Taylor Justice 0-0: Called Strike
0-1: Ball
1-1: Ball
2-1: SINGLE (Flyball, 8LS)
Conan Hanson to second
Batting: LHB Jesús Raugel 0-0: Called Strike
0-1: Ball
1-1: Ball
2-1: Ball
3-1: Foul Ball, location: 2F
3-2: Strikes out swinging
Top of the 9th over - 1 run(s), 2 hit(s), 0 error(s), 2 left on base; Intercourse 9 - Wilmington 4
BOTTOM OF THE 9TH
Wilmington Rebels batting - Pitching for Intercourse Amish : LHP Pancho Guerrero
Batting: LHB Jim Clemente 0-0: Ball
1-0: Called Strike
1-1: Foul Ball, location: 2F
1-2: Ball
2-2: Strikes out swinging
Batting: RHB Remi Eruzione 0-0: Ball
1-0: Called Strike
1-1: Ball
2-1: Ball
3-1: Called Strike
3-2: Strikes out swinging
Batting: RHB Al Reese 0-0: Ball
1-0: Ball
2-0: Ball
3-0: Called Strike
3-1: Foul Ball, location: 2F
3-2: Foul Ball, location: 2F
3-2: Base on Balls
Batting: RHB Juan Jose Mendoza 0-0: Ball
1-0: Ball
2-0: Ball
3-0: Foul Ball, location: 2F
3-1: Swinging Strike
3-2: Strikes out swinging
Bottom of the 9th over - 0 run(s), 0 hit(s), 0 error(s), 1 left on base; Intercourse 9 - Wilmington 4
Tuesday, August 8th, 2017 - OOTP Baseball 17.12 Build 75